 Dungeon Crawl Stone Soup version 0.23.2 (webtiles) character file.

Game seed: 2258805437901117514

53 Borgoz the Cutter (level 3, -2/30 HPs)
             Began as a Ghoul Gladiator on Apr 4, 2019.
             Slain by an orc wizard
             ... wielding a +0 dagger
              (4 damage)
             ... on level 2 of the Dungeon.
             The game lasted 00:02:20 (573 turns).

Borgoz the Cutter (Ghoul Gladiator)                  Turns: 573, Time: 00:02:21

Health: -2/30      AC:  5    Str: 17    XL:     3   Next: 87%
Magic:  2/2        EV: 12    Int:  3    God:
Gold:   50         SH:  0    Dex: 11    Spells: 2/2 levels left

rFire    . . .     SeeInvis .   a - +1 rapier
rCold    + . .     Gourm    .   (no shield)
rNeg     + + +     Faith    .   b - +0 leather armour
rPois    ∞         Spirit   .   c - +0 helmet
rElec    .         Reflect  .   n - +0 cloak
rCorr    .         Harm     .   (no gloves)
MR       .....                  (no boots)
Stlth    ..........             (no amulet)
HPRegen  0.00/turn              l - ring of attention (curse)
MPRegen  0.08/turn              (no ring)

@: rotting
A: rotting body, claws 1, carnivore, cold resistance 1, negative energy
resistance 3, inhibited regeneration, torment resistance, unbreathing
a: no special abilities


You were on level 2 of the Dungeon.
You were not hungry.

You visited 1 branch of the dungeon, and saw 2 of its levels.

You collected 50 gold pieces.

Inventory:

Hand Weapons
 a - a +1 rapier (weapon)
Missiles
 d - 3 throwing nets (quivered)
Armour
 b - a +0 leather armour (worn)
 c - a +0 helmet (worn)
 n - a +0 cloak (worn)
Jewellery
 l - a cursed ring of attention (left claw)
Potions
 h - a potion of berserk rage
 o - a potion of haste
Comestibles
 f - 2 rations
 g - 2 chunks of flesh


   Skills:
 + Level 2.4 Fighting
 * Level 3.1 Short Blades
 - Level 1.7 Throwing
 * Level 1.4 Armour
 * Level 3.1 Dodging
 + Level 1.0 Stealth


You had 2 spell levels left.
You didn't know any spells.
Your spell library was empty.

Dungeon Overview and Level Annotations

Branches:
Dungeon (2/15)

Altars:

Annotations:
D:2 Sigmund


Innate Abilities, Weirdness & Mutations

Your body is rotting away.
You thrive on raw meat.
You are immune to poison.
You have sharp fingernails.
You are carnivorous and can eat meat at any time.
Your flesh is cold resistant. (rC+)
You are immune to negative energy. (rN+++)
You do not regenerate when monsters are visible.
You are immune to unholy pain and torment.
You can survive without breathing.


Message History

You are too injured to fight recklessly!
It was a potion of berserk rage.
You cannot raise a blood rage in your lifeless body.
Sigmund gestures wildly while chanting.
Sigmund flickers and vanishes!
Deactivating autopickup; reactivate with Ctrl-A.
It was a potion of curing.
You feel better. Something hits you.
* * * LOW HITPOINT WARNING * * *
Unknown command.
You closely miss something.
An orc comes into view. It is wielding a +0 hand axe.
Something hits you!
* * * LOW HITPOINT WARNING * * *
You miss something.
The orc wizard hits you but does no damage.
An orc comes into view. It is wielding a +0 flail.
You barely miss something.
The orc shouts!
The orc wizard hits you with a +0 dagger.
You die...

o.# #### #o#.
##...##
#...###.....##
...#.......#
#.........#
#.o{.....#
##.##..@....##
.)........(..## .
.##.##$.......###
.# ..
#..........###.#
.
##.............#
##..[.......#
#..........#
#..........##
#..#........##


You could see an orc wizard and 2 orcs.

Vanquished Creatures
  2 adders (D:2)
  An ooze (D:2)
  A leopard gecko (D:1)
  4 bats
  A giant cockroach (D:2)
  4 hobgoblins
  4 jackals
  3 kobolds (D:1)
  2 frilled lizards
  3 goblins (D:1)
  5 rats
30 creatures vanquished.

Notes
Turn   | Place    | Note
-------+----------+-------------------------------------------
     0 | D:1      | Borgoz the Ghoul Gladiator began the quest for the Orb.
     0 | D:1      | Reached XP level 1. HP: 17/17 MP: 0/0
    53 | D:1      | Reached XP level 2. HP: 12/24 MP: 1/1
   296 | D:1      | Reached skill level 1 in Armour
   457 | D:2      | Reached XP level 3. HP: 10/30 MP: 2/2
   477 | D:2      | Reached skill level 1 in Stealth
   560 | D:2      | Noticed Sigmund
   573 | D:2      | Slain by an orc wizard

Skill      XL: |  1  2  3 |
---------------+----------+-----
Armour         | 1 |  1.4
Short Blades   | 3 |  3.1
Dodging        | 3 |  3.1
Stealth        | 1 |  1.0
Fighting       | |  2.4
Throwing       | |  1.7

Action                   || total
-------------------------++-------
Melee: Rapier            ||   121
  Use: Scroll            ||     4
       Potion            ||     2
  Eat: Chunk             ||    15
Armor: Leather armour    ||    63
Dodge: Dodged            ||   129
